[Event "Early-Titled-Tuesday-Blitz-March-19-2024"]
[Site "Chess.com"]
[Date "2024.03.19"]
[Round "7"]
[White "Mandaloriana19"]
[Black "FaustinoOro"]
[Result "0-1"]
[WhiteElo "2422"]
[BlackElo "2881"]
[TimeControl "180+1"]
[EndTime "9:19:05 PDT"]
[Termination "FaustinoOro won on time"]

1. Nf3 Nf6 2. g3 d5 3. Bg2 Bf5 4. b4 e6 5. a3 h6 6. Bb2 Bd6 7. O-O O-O 8. d3 a5 9. b5 c6 10. c4 Bh7 11. Qa4 Qe7 12. Nc3 Rc8 13. bxc6 bxc6 14.
Rfc1 Nbd7 15. Qd1 Rab8 16. Na4 e5 17. cxd5 cxd5 18. Rxc8+ Rxc8 19. Qd2 Qd8 20. Bc3 Ra8 21.
Qb2 d4 22. Bd2 Rb8 23. Qc1 Bf5 24. Qc6 Nf8 25. Qa6 Bc7 26. Nc5 Ne6 27. Nxe6 Bxe6 28.
Rc1 e4 29. dxe4 Nxe4 30. Be1 Bb6 31. Ne5 Nc5 32. Qb5 Qf8 33. Nc6 Bd7 34. Qc4 Rc8 35.
Ne5 Be6 36. Qb5 Ba7 0-1

[Event "Early-Titled-Tuesday-Blitz-March-19-2024"]
[Site "Chess.com"]
[Date "2024.03.19"]
[Round "7"]
[White "Flaccidmoves"]
[Black "SharapovEvgeny"]
[Result "0-1"]
[WhiteElo "2435"]
[BlackElo "2570"]
[TimeControl "180+1"]
[EndTime "9:19:05 PDT"]
[Termination "SharapovEvgeny won by resignation"]

1. e4 c5 2. c3 Nf6 3. e5 Nd5 4. d4 cxd4 5. Nf3 Nc6 6. cxd4 d6 7. Bc4 Nb6 8. Bb5 dxe5 9. Nxe5 Bd7 10. Qb3 Nxe5 11.
dxe5 Bxb5 12. Qxb5+ Qd7 13. Nc3 e6 14. O-O Nd5 15.
Nxd5 exd5 16. Qb3 Bc5 17. Bf4 O-O 18. Rad1 d4 19. Rd3 Bb6 20. Rfd1 Qe6 21. Bg3 Qxb3 22. axb3 Rfc8 23. f4 Rc2 24. Bf2 Rxb2 25. Bxd4 Bxd4+ 26. Rxd4 g6 27. R4d3 Rc8 28. R1d2 Rxd2 29. Rxd2 Rc3 30.
Rd8+ Kg7 31. Rd7 Rxb3 32. e6 Kf6 33. e7 Re3 34. Rxb7 Rxe7 35. Rb8 h5 36. Ra8 Ke6 37. Kf2 Kd6 38. Kf3 Kc6 39. h3 Kb7 40. Rd8 a5 41. g4 hxg4+ 42. hxg4 Kb6 43. Rb8+ Rb7 44.
Rd8 Ra7 45. Rd6+ Kc5 46. Rd1 a4 47. Rc1+ Kd4 48. f5 gxf5 49. gxf5 a3 50. Kf4 a2 51. Ra1 Kc3 52. Kg5 Kb2 53. Rg1 a1=Q 54. Rg2+ Kc3 55. Rg3+ Kd4 56. Rg4+ Ke5 0-1

[Event "Early-Titled-Tuesday-Blitz-March-19-2024"]
[Site "Chess.com"]
[Date "2024.03.19"]
[Round "7"]
[White "maurovargas01"]
[Black "AlanZhang"]
[Result "0-1"]
[WhiteElo "1826"]
[BlackElo "2232"]
[TimeControl "180+1"]
[EndTime "9:19:05 PDT"]
[Termination "AlanZhang won on time"]

1. e4 e5 2. Nf3 Nc6 3. Bc4 Bc5 4. O-O Nf6 5. d4 Bxd4 6. Nxd4 exd4 7. Bg5 d6 8. Re1 h6 9. Bh4 g5 10. Bg3 Ne5 11.
Bb3 c5 12. f4 Neg4 13. e5 dxe5 14. fxe5 Nd5 15. Qf3 Nge3 16. h3 g4 17. hxg4 Bxg4 18. Qe4 Bf5 19. Qf3 c4 20. Ba4+ Bd7 21. e6 fxe6 22.
Qh5+ Ke7 23. Bh4+ Nf6 24. Qc5+ Kf7 25. Bxd7 Qxd7 26. Qe5 Neg4 27. Qe2 d3 28. cxd3 cxd3 29. Qd2 Qd4+ 30. Kh1 Rac8 31. Nc3 Rc5 32. Rad1 Rd8 33. Re4 Rh5 34. Rxg4 Qxg4 0-1

[Event "Early-Titled-Tuesday-Blitz-March-19-2024"]
[Site "Chess.com"]
[Date "2024.03.19"]
[Round "7"]
[White "Sina_Movahed"]
[Black "TigrVShlyape"]
[Result "1-0"]
[WhiteElo "3085"]
[BlackElo "2903"]
[TimeControl "180+1"]
[EndTime "9:19:06 PDT"]
[Termination "Sina_Movahed won by resignation"]

1. Nf3 d5 2. c4 c6 3. g3 Nf6 4. Bg2 g6 5. b3 Bg7 6. Bb2 O-O 7. O-O b6 8. d4 Bb7 9. Nc3 Nbd7 10. Rc1 Rc8 11.
Ne1 e6 12. Nd3 Qe7 13. e4 dxe4 14. Nxe4 Nxe4 15. Bxe4 Rfd8 16. Qe2 Ba8 17. Rfe1 Qf8 18. Rcd1 Bf6 19. f4 c5 20. Bxa8 Rxa8 21. dxc5 Bxb2 22. Qxb2 Nxc5 23. Ne5 Rxd1 24. Rxd1 Rd8 25. Rd4 a5 26. Ng4 f6 27. Rxd8 Qxd8 28. Nxf6+ Kf7 29. Nxh7 Qd1+ 30. Kg2 Ne4 31. Ng5+ Nxg5 32. fxg5 e5 33. Qxe5 Qc2+ 34. Kh3 Qb1 35. Qf6+ Ke8 36. Qc6+ Kf7 37. Kh4 Qc2 38. h3 Qd3 39. Qd5+ 1-0

[Event "Early-Titled-Tuesday-Blitz-March-19-2024"]
[Site "Chess.com"]
[Date "2024.03.19"]
[Round "7"]
[White "Muslim_player_05"]
[Black "Lion-Al-Messi"]
[Result "1-0"]
[WhiteElo "2504"]
[BlackElo "2612"]
[TimeControl "180+1"]
[EndTime "9:19:06 PDT"]
[Termination "Muslim_player_05 won by resignation"]

1. d4 Nf6 2. c4 b6 3. f3 Nc6 4. e4 e5 5. d5 Nd4 6. Ne2 Bc5 7. Nxd4 Bxd4 8. Nd2 Nh5 9. g3 O-O 10. f4 Nxf4 11.
gxf4 Qh4+ 12. Ke2 Qf2+ 13. Kd3 b5 14. Qf3 bxc4+ 15. Kc2 Qh4 16. Bxc4 d6 17. Nb3 Bb6 18. f5 a5 19. Be3 a4 20. Nd2 Bd7 21. Rag1 Rab8 22.
Rg4 Qd8 23. Rhg1 g6 24. Bxb6 cxb6 25. fxg6 Bxg4 26. gxh7+ Kh8 27. Qxg4 Qf6 28. Qg5 Qxg5 29. Rxg5 b5 30. Bd3 Kxh7 31. Nf3 f6 32. Rg3 b4 33.
Nh4 b3+ 34. axb3 axb3+ 35. Kd2 Rg8 36. Nf5 Rxg3 37. hxg3 Rb6 38. Kc3 Kg6 39. Bc4 Kg5 40. Bxb3 Kg4 41. Bd1+ Kh3 42. Bf3 Kh2 43. b4 Kg1 44.
Be2 Kf2 45. Bd3 Ke1 46. b5 Kd1 47. Kb4 Kd2 48. Ka5 Rb8 49. Bf1 Ra8+ 50. Kb4 Ra1 51. Bc4 Rb1+ 52. Bb3 Kd3 53. b6 Kxe4 54. Nxd6+ Kd4 55.
b7 1-0

[Event "Early-Titled-Tuesday-Blitz-March-19-2024"]
[Site "Chess.com"]
[Date "2024.03.19"]
[Round "7"]
[White "dosto07"]
[Black "mary-sanna"]
[Result "1-0"]
[WhiteElo "2498"]
[BlackElo "2202"]
[TimeControl "180+1"]
[EndTime "9:19:06 PDT"]
[Termination "dosto07 won on time"]

1. e4 c5 2. Nf3 Nc6 3. Bb5 g6 4.
Bxc6 bxc6 5. O-O Bg7 6. Re1 Qc7 7. c3 d6 8. d4 cxd4 9. cxd4 Nf6 10. Nc3 O-O 11. h3 c5 12. Bg5 Bb7 13. Rc1 cxd4 14. Nd5 Qd7 15. Rc7 Qb5 16. Nxd4 Qxb2 17. Re2 Qxd4 18. Qxd4 Nxd5 19. Qc4 Nxc7 20. Qxc7 Ba6 21. Re1 e6 22. Qxd6 Bc4 23. a4 Rfc8 24. Qf4 Rab8 25. Rc1 Bb3 26. Rb1 e5 27. Qe3 Bxa4 28. Rxb8 Rxb8 29.
Qxa7 Rb1+ 30. Kh2 h6 31. Qxa4 hxg5 32. Qe8+ Kh7 33. Qxf7 Re1 34. Qf3 Kg8 35. Kg3 Kh7 36. Kg4 Bh6 37. g3 Bg7 38. Qd3 Ra1 39. Kxg5 1-0

[Event "Early-Titled-Tuesday-Blitz-March-19-2024"]
[Site "Chess.com"]
[Date "2024.03.19"]
[Round "7"]
[White "Rurep26"]
[Black "Casper"]
[Result "1-0"]
[WhiteElo "2729"]
[BlackElo "2500"]
[TimeControl "180+1"]
[EndTime "9:19:07 PDT"]
[Termination "Rurep26 won by resignation"]

1. d4 d5 2. Bf4 Bg4 3. c3 Nf6 4. Qb3 Qc8 5. Nd2 e6 6. Ngf3 c5 7. e3 Nc6 8. Ne5 Nxe5 9. dxe5 Nd7 10. c4 dxc4 11. Nxc4 Be7 12. f3 Bh5 13. h4 Qc6 14. Na5 Qb6 15. Qxb6 axb6 16. Nc4 h6 17. Bd3 b5 18.
Nd2 c4 19. Be4 O-O-O 20. g4 Bb4 21. gxh5 Nc5 22. Rd1 Na4 23. Ke2 Nxb2 24. Nb1 Nxd1 25. Rxd1 Kc7 26. Rc1 Kb6 27. a3 Ba5 28. Rg1 Rhg8 29.
Bh7 Rge8 30. Rxg7 Re7 31. Bxh6 Rc7 32. Bg5 Rd5 33. Be4 c3 34. Nxc3 Rdc5 35. Nd1 Rc1 36. h6 Ra1 37. Bd8 Ra2+ 38. Kf1 Rd2 39. Bxc7+ Kxc7 40. Nf2 Rd1+ 41. Nxd1 1-0

[Event "Early-Titled-Tuesday-Blitz-March-19-2024"]
[Site "Chess.com"]
[Date "2024.03.19"]
[Round "7"]
[White "GothamChess"]
[Black "Josetricks"]
[Result "1/2-1/2"]
[WhiteElo "2687"]
[BlackElo "2551"]
[TimeControl "180+1"]
[EndTime "9:19:07 PDT"]
[Termination "Game drawn by repetition"]

1. e4 g6 2. d4 Bg7 3. Nf3 c6 4. Nc3 d5 5. h3 dxe4 6. Nxe4 Nf6 7. Ng3 O-O 8. Bc4 a5 9. O-O Na6 10. Re1 Nc7 11. a4 Ncd5 12. Ne5 Be6 13. c3 Nd7 14. Nxd7 Qxd7 15. Qe2 Rad8 16. Ne4 b6 17. Ng5 Bf5 18. g4 h6 19. Nf3 Be6 20. Ne5 Bxe5 21. Qxe5 Kh7 22.
Bd2 Nc7 23. Bd3 Nd5 24. Re2 Rfe8 25. Bxg6+ Kxg6 26. Qh5+ Kg7 27. Bxh6+ Kh7 28. Bf8+ Kg8 29. Re5 f6 30. Qg6+ Kxf8 31. Rh5 Bg8 32. Re1 e5 33. dxe5 Qf7 34. Qh6+ Qg7 35. Qc1 fxe5 36. Rf5+ Bf7 37. Rg5 Qf6 38. Rf5 Qg7 39. Rg5 Qf6 40. Rf5 Qg6 41.
Rg5 Qf6 1/2-1/2

[Event "Early-Titled-Tuesday-Blitz-March-19-2024"]
[Site "Chess.com"]
[Date "2024.03.19"]
[Round "7"]
[White "Kaissa10"]
[Black "Misterfox120"]
[Result "0-1"]
[WhiteElo "2291"]
[BlackElo "2423"]
[TimeControl "180+1"]
[EndTime "9:19:07 PDT"]
[Termination "Misterfox120 won by checkmate"]

1. e4 c6 2. d4 d5 3. e5 Bf5 4. h4 h5 5. Bd3 Bxd3 6. Qxd3 Qa5+ 7. Nd2 e6 8. c4 Ne7 9. Nf3 Nf5 10. O-O Be7 11.
g3 O-O 12. b3 Rd8 13. Bb2 c5 14. cxd5 Rxd5 15. Nc4 Qd8 16. Ne3 Nxe3 17. fxe3 cxd4 18. exd4 Nc6 19. Qe4 Qb6 20. Kh1 Rad8 21. Qf4 R8d7 22. Nd2 Bf8 23. Nc4 Qc7 24. Rad1 b5 25. Ne3 Nb4 26.
Nxd5 Nxd5 27. Qf3 g6 28. Rc1 Qa5 29. a3 b4 30. a4 Qa6 31. Rc4 Bh6 32. Rfc1 Bxc1 33.
Rxc1 Qb7 34. Rc4 Rc7 35. Kh2 Qc8 36. Qe2 Nb6 37. Rxc7 Qxc7 38. Qb5 Qc2+ 39. Kh3 Qxb2 40. a5 Nd5 41. Qb8+ Kg7 42. Qxa7 Qb1 43. Qb7 Qh1# 0-1

[Event "Early-Titled-Tuesday-Blitz-March-19-2024"]
[Site "Chess.com"]
[Date "2024.03.19"]
[Round "7"]
[White "suyu28"]
[Black "Anton_Demchenko"]
[Result "0-1"]
[WhiteElo "2846"]
[BlackElo "3021"]
[TimeControl "180+1"]
[EndTime "9:19:08 PDT"]
[Termination "Anton_Demchenko won on time"]

1. d4 Nf6 2. c4 d6 3. Nf3 Nc6 4.
g3 e5 5. Bg2 Be7 6. O-O O-O 7.
Nc3 h6 8. h3 Bf5 9. d5 Nb8 10.
Nd2 a5 11. e4 Bh7 12. f4 exf4 13. gxf4 Nbd7 14. Re1 Nc5 15. Qc2 c6 16. Nf1 cxd5 17.
cxd5 b5 18. Be3 Rc8 19. Nxb5 Nfxe4 20. Nd4 Bh4 21. Nc6 Qf6 22. Red1 Nf2 23. Qd2 Nxd1 24.
Rxd1 Ne4 25. Qc1 Rfe8 26. Nh2 Bf5 27. Nf3 Bg3 28. Nfd4 Bh7 29. Rf1 Nc5 30. Qd2 a4 31. f5 Nd7 32. b4 axb3 33. axb3 Ne5 34. Kh1 Ra8 35. Rg1 Ng4 36. Bf3 Nxe3 37. Rxg3 Ra1+ 38. Rg1 Rxg1+ 39. Kxg1 Qg5+ 40. Kh1 Bxf5 41. Nxf5 Qxf5 42. Bg2 Qf4 43. Qe2 Ra8 0-1

[Event "Early-Titled-Tuesday-Blitz-March-19-2024"]
[Site "Chess.com"]
[Date "2024.03.19"]
[Round "7"]
[White "HanSchut"]
[Black "Janh4"]
[Result "1-0"]
[WhiteElo "2290"]
[BlackElo "2159"]
[TimeControl "180+1"]
[EndTime "9:19:09 PDT"]
[Termination "HanSchut won by resignation"]

1. e4 c6 2. d4 d5 3. e5 c5 4.
dxc5 e6 5. a3 Bxc5 6. b4 Bb6 7.
Qg4 g6 8. Nf3 Ne7 9. Bd3 Nd7 10.
O-O Nc6 11. Bb2 O-O 12. Nbd2 Qe7 13. h4 f5 14. exf6 Nxf6 15. Qg5 Nd7 16. Qh6 e5 17.
Ng5 Nd8 18. Rae1 Qg7 19. Qxg7+ Kxg7 20. Bxe5+ Nxe5 21. Rxe5 Nf7 22. Re7 h6 23. Nxf7 Rxf7 24. Rxf7+ Kxf7 25. Nf3 Kg7 26. Re1 Bg4 27. Ne5 Bf5 28.
Bxf5 gxf5 29. Nd7 Rd8 30. Nxb6 axb6 31. Re7+ Kf6 32. Rxb7 Rd6 33. Kf1 Rc6 34. Ke1 Kg6 35. Kd2 Kh5 36. g3 f4 37. Rg7 fxg3 38. fxg3 Rf6 39. a4 Re6 40. c3 Re4 41. Kd3 Re1 42. Kd4 Rd1+ 43. Ke5 Ra1 44. Kxd5 Rxa4 45. Kc4 Ra1 46.
Kb5 Rc1 47. c4 Rc2 48. Rb7 Kg4 49. Rxb6 Kxg3 50. Rxh6 Kg4 51. Rd6 1-0

[Event "Early-Titled-Tuesday-Blitz-March-19-2024"]
[Site "Chess.com"]
[Date "2024.03.19"]
[Round "7"]
[White "RebecaJimnz"]
[Black "UnTucopalaTimba"]
[Result "1-0"]
[WhiteElo "2254"]
[BlackElo "1998"]
[TimeControl "180+1"]
[EndTime "9:19:11 PDT"]
[Termination "RebecaJimnz won by resignation"]

1. e4 c6 2. d4 d5 3. exd5 cxd5 4. Bd3 Nf6 5. h3 Nc6 6. c3 g6 7.
Nf3 Bg7 8. Bf4 Bf5 9. O-O Bxd3 10. Qxd3 O-O 11. Nbd2 a6 12. Qe3 e6 13. Bh6 Qc7 14. Bxg7 Kxg7 15. Ne5 Nxe5 16. dxe5 Nd7 17. Nf3 Qb6 18. Qd2 Rac8 19. Rfe1 Rc4 20. Nd4 Qc7 21.
Qf4 b5 22. Re3 b4 23. Rc1 a5 24. b3 Rxc3 25. Rexc3 bxc3 26. Nf3 h6 27. h4 Qc5 28. Qa4 Nb6 29. Qf4 Nd7 30. Qa4 Qc7 31. Qf4 Rc8 32.
h5 g5 33. Nxg5 hxg5 34. h6+ Kxh6 35. Qxf7 Nxe5 36. Qxe6+ Ng6 37. g3 Qc6 38. Qf7 Rf8 39. Qa7 d4 40. Qxd4 Qf3 41. Rxc3 Re8 42. Rxf3 1-0

[Event "Early-Titled-Tuesday-Blitz-March-19-2024"]
[Site "Chess.com"]
[Date "2024.03.19"]
[Round "7"]
[White "ChristianArca"]
[Black "IngOscarArdila"]
[Result "0-1"]
[WhiteElo "2671"]
[BlackElo "2412"]
[TimeControl "180+1"]
[EndTime "9:19:12 PDT"]
[Termination "IngOscarArdila won on time"]

1. Nf3 Nf6 2. c4 e6 3. d4 Be7 4. Nc3 d6 5. e4 O-O 6. Bd3 Nbd7 7. e5 dxe5 8. dxe5 Nc5 9. Bc2 Qxd1+ 10. Kxd1 Rd8+ 11. Ke2 Ne8 12. Be3 Bd7 13. b4 Na6 14.
a3 h6 15. Ne4 f5 16. exf6 Nxf6 17. Rad1 c6 18. Ne5 Nxe4 19. Bxe4 Be8 20. Rxd8 Rxd8 21. Bxa7 Bf6 22. f4 Bh5+ 23. Nf3 Ra8 24. Bb6 Nb8 25. Ba5 b6 26. Bxb6 Rxa3 27. Rd1 Na6 28. h3 Nxb4 29. g4 Bf7 30. g5 hxg5 31. fxg5 Ra2+ 32. Ke3 Be7 33. g6 Be8 34. Bd8 Bc5+ 35. Kf4 Nc2 0-1

[Event "Early-Titled-Tuesday-Blitz-March-19-2024"]
[Site "Chess.com"]
[Date "2024.03.19"]
[Round "7"]
[White "Iskusnyh"]
[Black "Joachim100x"]
[Result "1-0"]
[WhiteElo "2639"]
[BlackElo "2498"]
[TimeControl "180+1"]
[EndTime "9:19:15 PDT"]
[Termination "Iskusnyh won by checkmate"]

1. d4 Nf6 2. c4 g6 3. g3 Bg7 4.
Bg2 c6 5. e4 d5 6. e5 Nfd7 7. cxd5 cxd5 8. Nc3 e6 9. Nge2 O-O 10.
O-O Nc6 11. Be3 a6 12. Rc1 Nb6 13. b3 Bd7 14. Qd2 Rc8 15. Bh6 Na7 16. a4 Nc6 17.
h4 f6 18. Bxg7 Kxg7 19. exf6+ Qxf6 20. Kh2 Na8 21. f4 Ne7 22. Ng1 Nf5 23. Nf3 Bc6 24.
Rfe1 Nb6 25. Nd1 Nd7 26. Nf2 h5 27. Nh3 Nd6 28. Nhg5 Ne4 29. Nxe4 dxe4 30. Ng5 Nb6 31. Bxe4 Nd5 32. Bg2 Rce8 33. Re5 Qd8 34. Rce1 Nf6 35.
Nxe6+ Rxe6 36. Rxe6 Ng4+ 37. Kg1 Bxg2 38. Kxg2 Qd5+ 39.
Kg1 Qxb3 40. Re7+ Kg8 41. Kg2 Qd5+ 42. Kh3 Qf3 43. R7e2 g5 44. Qc2 Kg7 45. Re7+ Rf7 46. Rxf7+ Kxf7 47. Qh7+ Kf8 48. Qe7+ Kg8 49. Qe8+ Kg7 50.
Re7+ Kh6 51. hxg5# 1-0

[Event "Early-Titled-Tuesday-Blitz-March-19-2024"]
[Site "Chess.com"]
[Date "2024.03.19"]
[Round "7"]
[White "bennyficial"]
[Black "Viktor_Poddubnyi"]
[Result "0-1"]
[WhiteElo "2115"]
[BlackElo "2304"]
[TimeControl "180+1"]
[EndTime "9:19:16 PDT"]
[Termination "Viktor_Poddubnyi won by resignation"]

1. Nf3 g6 2. e4 Bg7 3. d4 d6 4.
Bc4 c6 5. Bb3 Nf6 6. Qe2 O-O 7.
h3 Na6 8. Nc3 Nc7 9. Bg5 Qe8 10.
O-O-O e5 11. g4 Ne6 12. dxe5 dxe5 13. Be3 Nd7 14. h4 Ndc5 15. h5 Nxb3+ 16. axb3 Nf4 17. Bxf4 exf4 18. e5 Bxg4 19. Rdg1 Bxf3 20. Qxf3 Qxe5 21. hxg6 hxg6 22. Qh3 Rfe8 23. Qh7+ Kf8 24. Qh3 Rad8 25. Qf3 Rd4 26. Rh7 Red8 27. Rgh1 a5 28. Qh3 a4 29. bxa4 Rc4 30. Qh4 Re8 31. Rxg7 Qxg7 32. Qh3 Qe5 33. Qf3 b5 34. axb5 cxb5 35. Rh7 b4 36. Nd1 Qc5 37. Qd3 Rd4 38. Rh8+ Kg7 39. Rxe8 Rxd3 40. Rc8 Rxd1+ 41. Kxd1 Qxc8 42. Kc1 Qe6 43. Kb1 f3 0-1

[Event "Early-Titled-Tuesday-Blitz-March-19-2024"]
[Site "Chess.com"]
[Date "2024.03.19"]
[Round "7"]
[White "BilodeauA"]
[Black "baki83"]
[Result "1-0"]
[WhiteElo "3055"]
[BlackElo "2868"]
[TimeControl "180+1"]
[EndTime "9:19:17 PDT"]
[Termination "BilodeauA won by resignation"]

1. e4 c5 2. Nf3 e6 3. Nc3 Nc6 4.
h3 a6 5. d4 cxd4 6. Nxd4 Qc7 7.
Nxc6 Qxc6 8. a4 b6 9. Be2 Bb7 10.
Qd3 Bb4 11. Bd2 Ne7 12. O-O Bxc3 13. Bxc3 Qxe4 14. Qxe4 Bxe4 15. f3 Bxc2 16. Bxg7 Rg8 17. Bd4 Nd5 18. Rfc1 Bb3 19. Kf2 Nf4 20. Bf1 d5 21. g3 Ng6 22. Bxa6 e5 23. Bb5+ Ke7 24.
Rc7+ Kf6 25. Bxb6 Rgb8 26. a5 Nf8 27. Bc6 Ne6 28. Rd7 Ra6 29. Rb7 Rc8 30. Bb5 Raa8 31.
Re1 Rc2+ 32. Re2 Rc1 33. a6 Bc4 34. Bxc4 Rxc4 35. a7 Ra4 36. b3 Ra3 37. b4 d4 38.
b5 d3 39. Rd2 Nd8 40. Rb8 R3xa7 41. Bxa7 Rxa7 42. Rxd8 Ra2 43. Rxd3 e4 44. Rxa2 e3+ 45. Rxe3 1-0

[Event "Early-Titled-Tuesday-Blitz-March-19-2024"]
[Site "Chess.com"]
[Date "2024.03.19"]
[Round "7"]
[White "Lennis93"]
[Black "ExtremeLearner"]
[Result "1/2-1/2"]
[WhiteElo "2750"]
[BlackElo "2572"]
[TimeControl "180+1"]
[EndTime "9:19:17 PDT"]
[Termination "Game drawn by repetition"]

1. b3 Nf6 2. Bb2 d5 3. Nf3 c6 4.
g3 Bg4 5. Bg2 Nbd7 6. h3 Bxf3 7.
Bxf3 e5 8. d3 Bd6 9. Bg2 h5 10.
Nd2 h4 11. g4 Qe7 12. e3 a5 13.
a4 Nc5 14. Qe2 Ne6 15. Nf3 Nd7 16. O-O O-O 17. c4 f5 18. cxd5 cxd5 19. gxf5 Rxf5 20.
Nh2 Nf6 21. Ng4 Rg5 22. Kh1 Nxg4 23. hxg4 e4 24. dxe4 h3 25. Bxh3 dxe4 26. Qc4 Kf7 27. Qxe4 Rh8 28. Qf3+ Kg8 29. Rac1 Rh4 30. Rc8+ Kh7 31.
Kg2 Nc5 32. Rh1 Ne4 33. Bd4 Qe6 34. Rc2 Kg8 35. Kg1 Bb4 36. Rh2 Nd2 37. Rxd2 Bxd2 38. Qxb7 Rhxg4+ 39. Bxg4 Qxg4+ 40. Rg2 Qd1+ 41. Kh2 Qh5+ 42.
Kg1 Qd1+ 43. Kh2 Qh5+ 44. Kg1 Qd1+ 1/2-1/2

[Event "Early-Titled-Tuesday-Blitz-March-19-2024"]
[Site "Chess.com"]
[Date "2024.03.19"]
[Round "7"]
[White "Saxar85"]
[Black "TimGrutter03"]
[Result "1/2-1/2"]
[WhiteElo "2724"]
[BlackElo "2566"]
[TimeControl "180+1"]
[EndTime "9:19:17 PDT"]
[Termination "Game drawn by repetition"]

1. e4 c6 2. d4 d5 3. exd5 cxd5 4. Bd3 Nf6 5. Nf3 g6 6. h3 Bg7 7. O-O O-O 8. Bf4 Bf5 9. Bxf5 gxf5 10. Nbd2 Ne4 11. c3 e6 12. Ne5 Nxd2 13. Qxd2 Nd7 14.
Rfe1 Nxe5 15. Bxe5 Bxe5 16. Rxe5 Qf6 17. Qf4 Kh8 18. Kh2 Rg8 19. g3 Rg6 20. Rae1 Rag8 21. R5e3 h5 22. Qe5 Qxe5 23. dxe5 h4 24. Rf3 hxg3+ 25. Rxg3 Rc8 26. Rd1 Rc4 27. Rd4 b5 28. a3 Kh7 29. Kg2 Rg8 30. Rxg8 Kxg8 31. Kg3 Kg7 32. h4 Kg6 33. Kh3 Kh5 34. Kg3 f4+ 35.
Rxf4 Rxf4 36. Kxf4 Kxh4 37. b3 a5 38. a4 bxa4 39.
bxa4 Kh5 40. Kg3 Kg5 41. f4+ Kf5 42. Kf3 f6 43. exf6 Kxf6 44. Kg3 Kf5 45. Kf3 Kf6 46. Kg3 Kf5 47. Kf3 Kf6 1/2-1/2

[Event "Early-Titled-Tuesday-Blitz-March-19-2024"]
[Site "Chess.com"]
[Date "2024.03.19"]
[Round "7"]
[White "CarlosjPineror"]
[Black "ExchangeAB"]
[Result "1-0"]
[WhiteElo "2697"]
[BlackElo "2527"]
[TimeControl "180+1"]
[EndTime "9:19:18 PDT"]
[Termination "CarlosjPineror won by checkmate"]

1. e4 c5 2. Nf3 e6 3. g3 Nc6 4. Bg2 d5 5. exd5 exd5 6. O-O Be7 7. d4 c4 8. Nc3 Nf6 9. Bg5 O-O 10. Ne5 Be6 11. Re1 h6 12. Bf4 Re8 13. Qd2 Bf8 14. h4 Rc8 15. Rab1 a6 16. a3 b5 17. Nxc6 Rxc6 18.
Re2 Qd7 19. Rbe1 Rcc8 20. Be5 Ng4 21. Bf4 a5 22. Nxd5 Bxd5 23. Rxe8 Rxe8 24. Rxe8 Qxe8 25. Bxd5 Qd7 26. Bf3 b4 27. axb4 axb4 28. c3 Nf6 29.
Qe2 Nd5 30. Bd2 Nb6 31. Kg2 b3 32. Qe5 Bd6 33. Qa5 Bc7 34. Qa7 Qd8 35. Qb7 Kh7 36. Be4+ g6 37. h5 Kg7 38. hxg6 Na4 39. Bc1 Kf8 40.
Qc6 Nb6 41. gxf7 Kxf7 42. Bxh6 Qe7 43. Qg6# 1-0

[Event "Early-Titled-Tuesday-Blitz-March-19-2024"]
[Site "Chess.com"]
[Date "2024.03.19"]
[Round "7"]
[White "campochess"]
[Black "LileKoridze"]
[Result "0-1"]
[WhiteElo "2189"]
[BlackElo "2440"]
[TimeControl "180+1"]
[EndTime "9:19:18 PDT"]
[Termination "LileKoridze won on time"]

1. e4 c5 2. b4 cxb4 3. d4 e6 4. Nf3 d5 5. e5 Nc6 6. Bd3 Nge7 7. O-O g6 8. a3 bxa3 9. c3 Bg7 10. Nxa3 O-O 11. Nb5 Bd7 12. Nd6 Qc7 13.
Ba3 Rfb8 14. Qd2 Be8 15. h4 h6 16. g4 Na5 17. h5 b5 18. Nxe8 Rxe8 19. Bxb5 Reb8 20.
Bd3 Nb3 21. Qc2 Nxa1 22. Rxa1 Rc8 23. Bxe7 Qxe7 24. hxg6 fxg6 25. Bxg6 a5 26. Bd3 Rf8 27. Be2 Rf4 28. Nh2 Qh4 29. Qd3 Qxf2+ 30. Kh1 Re4 31.
Bf3 Re1+ 32. Rxe1 Qxe1+ 33. Kg2 Rb8 34. Qg6 Rb6 35. g5 Qd2+ 36. Kh3 Qxg5 37. Qe8+ Bf8 38. Bg4 Qe7 39. Qg6+ Kh8 40. Nf3 Qg7 41. Qe8 Rb3 42.
Qxe6 Rxc3 43. Qxd5 a4 44. Qe4 a3 45. Kg2 a2 46. Nh4 a1=Q 47. Ng6+ Qxg6 48. Qxg6 Qb2+ 0-1

[Event "Early-Titled-Tuesday-Blitz-March-19-2024"]
[Site "Chess.com"]
[Date "2024.03.19"]
[Round "7"]
[White "Massakru"]
[Black "AlessiaSanteramo"]
[Result "0-1"]
[WhiteElo "2400"]
[BlackElo "2274"]
[TimeControl "180+1"]
[EndTime "9:19:18 PDT"]
[Termination "AlessiaSanteramo won by checkmate"]

1. e4 e5 2. d4 exd4 3. Qxd4 Nc6 4. Qe3 Nf6 5. e5 Ng4 6. Qe4 Ngxe5 7. f4 d5 8. Qe3 d4 9. Qe2 Bg4 10. Nf3 Bb4+ 11.
Bd2 d3 12. cxd3 O-O 13. fxe5 Nd4 14. Qe4 Nc2+ 15. Kd1 Bxf3+ 16. Qxf3 Nxa1 17. Bxb4 Re8 18. Bc3 Qh4 19. Be2 Qa4+ 20. Kd2 Qxa2 21. Rf1 Nb3+ 22. Ke3 Nc5 23. d4 Na4 24. d5 f6 25. Bd3 Nxc3 26.
Nxc3 Rxe5+ 27. Kf2 Qxb2+ 28. Ne2 Rae8 29. Re1 Qb6+ 30.
Kf1 Re3 31. Qh5 g6 32. Bxg6 hxg6 33. Qxg6+ Kf8 34. Qh6+ Ke7 35. Rd1 Kd7 36. Qg7+ Kc8 37.
Qg4+ Kb8 38. Re1 Qb5 39. h4 Qxd5 40. Kg1 R3e4 41. Qf3 Qc5+ 42. Kf1 Rxh4 43. Rd1 Rh1+ 44. Ng1 Qxg1# 0-1

[Event "Early-Titled-Tuesday-Blitz-March-19-2024"]
[Site "Chess.com"]
[Date "2024.03.19"]
[Round "7"]
[White "Rodalquilar"]
[Black "rhungaski"]
[Result "1-0"]
[WhiteElo "2794"]
[BlackElo "2605"]
[TimeControl "180+1"]
[EndTime "9:19:19 PDT"]
[Termination "Rodalquilar won on time"]

1. d4 Nf6 2. Nf3 g6 3. Bf4 Bg7 4. e3 O-O 5. Be2 d6 6. O-O Nfd7 7. e4 e5 8. Bg5 Bf6 9. Bxf6 Qxf6 10. Nc3 c6 11. a4 a5 12. dxe5 dxe5 13. Nd2 Nb6 14.
Nb3 Be6 15. Nc5 Qe7 16. Nxe6 Qxe6 17. Re1 Qe7 18. Qc1 Kg7 19. Bf1 N8d7 20. Nd1 Nc5 21. b3 Rad8 22. f3 Ne6 23. Ne3 Qc5 24. Kh1 h5 25. Nc4 Nxc4 26. Bxc4 Nf4 27. Rf1 h4 28.
Qe1 Rh8 29. Rd1 Rxd1 30. Qxd1 Nh5 31. h3 Ng3+ 32. Kh2 Nxf1+ 33. Qxf1 Rd8 34. Qe1 g5 35. Qc1 Kf6 36. Qe1 b6 37. Qc3 Qf2 38. Bd3 c5 39.
Qc4 Qg3+ 40. Kg1 Qe1+ 41. Kh2 Qg3+ 42. Kg1 g4 43. fxg4 Qe3+ 44. Kh2 Rd6 45. Qb5 1-0

[Event "Early-Titled-Tuesday-Blitz-March-19-2024"]
[Site "Chess.com"]
[Date "2024.03.19"]
[Round "7"]
[White "nihalsarin"]
[Black "PLAYER_2006_M"]
[Result "1-0"]
[WhiteElo "3176"]
[BlackElo "2939"]
[TimeControl "180+1"]
[EndTime "9:19:20 PDT"]
[Termination "nihalsarin won by resignation"]

1. a3 h6 2. e4 e6 3. d4 d5 4. Nc3 dxe4 5. Nxe4 Nd7 6. Nf3 Ngf6 7. Bd3 Nxe4 8. Bxe4 Nf6 9. Bd3 Bd6 10. Qe2 Bd7 11.
Ne5 Qe7 12. Bd2 O-O-O 13. O-O g5 14. a4 Bxe5 15. dxe5 Nd5 16. a5 Kb8 17. a6 b6 18.
c4 Nf4 19. Bxf4 gxf4 20. Qf3 Bc8 21. Be4 Rd4 22. b3 c5 23. Rfe1 Qc7 24. Qxf4 f5 25.
f3 Rhd8 26. h3 fxe4 27. Rxe4 Rd1+ 28. Rxd1 Rxd1+ 29. Kh2 Bxa6 30. Qxh6 Rd4 31. Qxe6 Bc8 32. Qf6 Rxe4 33. fxe4 a6 34. h4 b5 35. h5 bxc4 36. bxc4 Qh7 37. h6 Qxe4 38. Qd6+ Ka8 39. Qd5+ Qxd5 40.
cxd5 Bf5 41. e6 c4 42. e7 Bg6 43. d6 c3 44. d7 c2 45. e8=Q+ 1-0

[Event "Early-Titled-Tuesday-Blitz-March-19-2024"]
[Site "Chess.com"]
[Date "2024.03.19"]
[Round "7"]
[White "FARIZA2018"]
[Black "picturesquecheck"]
[Result "0-1"]
[WhiteElo "2554"]
[BlackElo "2445"]
[TimeControl "180+1"]
[EndTime "9:19:20 PDT"]
[Termination "picturesquecheck won on time"]

1. e4 c5 2. Nf3 d6 3. d4 cxd4 4. Nxd4 Nf6 5. Nc3 Nc6 6. Bg5 e6 7. Qd2 a6 8. O-O-O h6 9. Bh4 Nxe4 10. Nxe4 Qxh4 11. Nxc6 Qxe4 12. Nd4 Be7 13. Kb1 Bd7 14. f3 Qd5 15. Qe1 Qc5 16. Nb3 Qc7 17. Bd3 d5 18. g4 a5 19. Nd4 a4 20. Bb5 a3 21.
Bxd7+ Qxd7 22. b3 Rc8 23. f4 Qc7 24. Qe3 O-O 25. Rhe1 Bd6 26. Rf1 b5 27. Qd3 b4 28.
f5 Be5 29. Nb5 Qc5 30. fxe6 fxe6 31. Rfe1 Rf3 32. Qg6 Rf6 33. Qd3 Bf4 34. Nd4 e5 35.
Nf5 Rd8 36. h4 e4 37. Rxe4 dxe4 38. Qxd8+ Kh7 39. Qd7 Rg6 40. h5 Rg5 41. Qd4 Qxd4 42. Nxd4 Rxg4 43. Re1 Be5 44. Nc6 Bc3 45. Rh1 e3 0-1